 Dungeon Crawl Stone Soup version 0.31-a0-102-g33a4ccc0cb (webtiles) character file.

Game seed: 5880118660632291883

29 Esekla the Sneak (level 3, 21/26 HPs)
             Began as an Octopode Delver on May 26, 2023.
             Quit the game on level 5 of the Dungeon.
             The game lasted 00:01:31 (215 turns).

Esekla the Sneak (Octopode Delver)                   Turns: 215, Time: 00:01:31

Health: 21/26      AC:  1    Str: 11    XL:     3   Next: 16%
Magic:  3/3        EV: 13    Int: 14    God:
Gold:   0          SH:  0    Dex: 13    Spells: 3/3 levels left

rFire   . . .        a - +0 falchion
rCold   . . .        (no shield)
rNeg    . . .        (helmet restricted)
rPois   .            (no amulet)
rElec   .            (no ring)
rCorr   .            (no ring)
SInv    .            (no ring)
Will    .....        (no ring)
Stlth   ++++         (no ring)
HPRegen 0.24/turn    (no ring)
MPRegen 0.08/turn    (no ring)
                     (no ring)

%: no passive effects
@: no status effects
A: almost no armour, amphibious, 8 rings, camouflage 1, gelatinous body 1,
(nimble swimmer 1), tentacles
a: no special abilities


You were on level 5 of the Dungeon.
You visited 1 branch of the dungeon, and saw 1 of its levels.

Inventory:

Hand Weapons
 a - a +0 falchion (weapon)
 c - a +0 dagger
Wands
 f - a wand of digging (3)
Scrolls
 b - a scroll of fog
Potions
 e - a potion of haste


   Skills:
 * Level 3.2 Fighting
 * Level 2.2 Long Blades
 * Level 2.2 Dodging
 + Level 7.2 Stealth
 * Level 0.6 Spellcasting


You had 3 spell levels left.
You didn't know any spells.
Your spell library was empty.

Dungeon Overview and Level Annotations

Branches:
Dungeon (5/15)
 Temple: D:4-7

Altars:
Qazlal

Annotations:
D:5 Eustachio


Innate Abilities, Weirdness & Mutations

You cannot wear most types of armour.
You are amphibious.
You can wear up to eight rings at the same time.
Your skin changes colour to match your surroundings (Stealth+).
Your rubbery body absorbs attacks. (AC +1, EV +1)
((You are camouflaged when in or above water. (Stealth+)))
You have tentacles for arms and can constrict up to eight enemies at once.


Message History

The bat closely misses you.
Cornered, the bat turns to fight!
Eustachio howls, "Help!"
Eustachio mumbles some strange words.
Eustachio blinks!
Eustachio gestures wildly while chanting.
Eustachio blinks!
The bat hits you but does no damage. The bat closely misses you.
Eustachio mumbles some strange words.
Eustachio blinks!
The bat misses you. The bat barely misses you.
Eustachio casts a spell.
Eustachio blinks!
The bat hits you but does no damage.
Eustachio looks petrified.
Eustachio mumbles some strange words.
Eustachio blinks!
The bat hits you but does no damage.
Eustachio gestures wildly while chanting.
Eustachio blinks!
The bat attacks as you move away! The bat hits you. The bat closely misses you.
Eustachio mumbles some strange words.
Eustachio blinks!
The bat closely misses you. x2
The bat hits you but does no damage. The bat attacks as you move away!
The bat completely misses you.
Found 11 gold pieces.
The bat closely misses you. The bat attacks as you move away!
The bat closely misses you. The bat misses you. The bat hits you.
The bat attacks as you move away! The bat completely misses you.
Found a stormy altar of Qazlal.
The bat hits you. The bat barely misses you. The bat attacks as you move away!
The bat closely misses you.
Found 10 gold pieces.
The bat misses you. The bat barely misses you.
You completely miss the bat. You grab the bat. You constrict the bat.
You kill the bat!
The bat's corpse disappears in a puff of smoke!
The bat barely misses you.
You hit the bat.
You kill the bat!
The bat's corpse disappears in a puff of smoke!
Are you sure you want to abandon this character and quit the game? (Confirm with "yes".)

*,,,*,,,,,*,,,,,**,**,,,,,
**,.#..$..#.....**,**,,,,,
**,#.._..+....,**,,+,,,,,
*,*.....#...,,*****,,,,,
*,*,...$#..,,,* *,,,,,
*,***####.,,,,* ******
*,,,,,...,*****
******#.#** #@# #.# #.##
#..#######
##.......#######
######........#
#.ยง......# #........#
#.......r#


There were no monsters in sight!

Vanquished Creatures
  A hound (D:5)
1 creature vanquished.

Notes
Turn   | Place    | Note
-------+----------+-------------------------------------------
     0 | D:5      | Esekla the Octopode Delver began the quest for the Orb.
     0 | D:5      | Reached XP level 1. HP: 16/16 MP: 1/1
    28 | D:5      | Noticed a phantom
    54 | D:5      | Noticed Eustachio
    80 | D:5      | Noticed a hound
    89 | D:5      | Killed a hound
    90 | D:5      | Reached skill level 7 in Stealth
    90 | D:5      | Reached XP level 2. HP: 15/21 MP: 2/2
    90 | D:5      | Reached XP level 3. HP: 19/26 MP: 3/3
   211 | D:5      | Found a stormy altar of Qazlal.
   215 | D:5      | Quit the game

Illustrated notes

Levels and vault maps discovered:
D:5:      layout_basic, amcnicky_altar_gilded, serial_bayou_pond_b,
          uniq_eustachio

Skill      XL: |  1 |
---------------+----+-----
Stealth        | 7 |  7.2
Fighting       | |  3.2
Long Blades    | |  2.2
Dodging        | |  2.2
Spellcasting   | |  0.6

Action                     || total
---------------------------++-------
  Melee: Falchion          ||     8
         Constrict         ||     2
         Tentacles         ||     1
    Use: Scroll            ||     2
 Armour: Skin              ||     4
  Dodge: Dodged            ||    23

Table legend: (Time is in decaauts)
 A = Elapsed time spent in this place.
 B = Non-inter-level travel time spent in this place.
 C = Inter-level travel time spent in this place.
 D = Time resting spent in this place.
 E = Time spent auto-exploring this place.
 F = Levels seen in this place.
 G = Mean time per level.
                   A        B        C        D        E       F      G
               +--------+--------+--------+--------+--------+-----+--------+
         Total |    215 |    215 |      0 |     27 |     18 |   1 |  215.0 |
       Dungeon |    215 |    215 |      0 |     27 |     18 |   1 |  215.0 |
               +--------+--------+--------+--------+--------+-----+--------+

Top non-repeatable levels by time:
     D:5: 215 daAuts
